 Dungeon Crawl Stone Soup version 0.28.0-53-g5a82cb258f (webtiles) character file.

Game seed: 8664261512527171567

246252 Doot the Sorcerer (level 18, -18/89 HPs)
             Began as a Deep Elf Conjurer on May 28, 2022.
             Was a High Priest of Sif Muna.
             Killed from afar by an ironbound thunderhulk (46 damage)
             ... with a bolt of lightning
             ... on level 1 of the Vaults on May 29, 2022.
             The game lasted 02:14:19 (60793 turns).

Doot the Sorcerer (Deep Elf Conjurer)              Turns: 60793, Time: 02:14:20

Health: -18/89     AC: 20    Str: 19    XL:     18   Next: 78%
Magic:  37/49      EV: 12    Int: 38    God:    Sif Muna [*****.]
Gold:   2458       SH: 15    Dex: 13    Spells: 9/68 levels left

rFire   + + .      SeeInvis +   R - staff of fire
rCold   + . .      Faith    .   a - +0 kite shield {rC+}
rNeg    . . .      Spirit   .   P - +7 ring mail "Megurewif" {rC- Str+2 SInv}
rPois   +          Reflect  +   h - +1 helmet
rElec   .          Harm     .   Y - +2 cloak {rPois}
rCorr   +          Rampage  .   b - +0 pair of gloves of Untold Secrets {rF+ Will+ Stlth+}
Will    ++...                   H - +0 pair of boots
Stlth   +++.......              j - amulet "Orezof" {Reflect rPois rC+ Str+3 Slay+2 SH+5}
HPRegen 0.24/turn               S - ring "Itopnoos" {Wiz rCorr Str+10 Stlth-}
MPRegen 0.31/turn               Z - +6 ring of intelligence

@: studying Axes
A: no striking features
}: 2/15 runes: barnacled, gossamer
a: Renounce Religion, Channel Magic, Forget Spell, Divine Exegesis


You were on level 1 of the Vaults.
You worshipped Sif Muna.
Sif Muna was extremely pleased with you.
You visited 8 branches of the dungeon, and saw 35 of its levels.
You visited 1 bazaar.
You also visited: Ossuary and Ice Cave.

You collected 3120 gold pieces.
You spent 662 gold pieces at shops.

Inventory:

Hand Weapons
 X - a +2 dagger of speed
Armour
 a - a +0 kite shield of cold resistance (worn)
 b - the +0 pair of gloves of Untold Secrets (worn) {rF+ Will+ Stlth+}
   (You found it on level 2 of the Elven Halls)

   rF:        It protects you from fire.
   Will:      It increases your willpower.
   Stlth:     It makes you more stealthy.
 e - a +1 buckler of cold resistance
 h - a +1 helmet (worn)
 x - a +2 robe of the Archmagi
 H - a +0 pair of boots (worn)
 P - the +7 ring mail "Megurewif" (worn) {rC- Str+2 SInv}
   (You found it on level 2 of the Shoals)

   Str:       It affects your strength (+2).
   rC:        It makes you vulnerable to cold.
   SInv:      It lets you see invisible.
 Y - a +2 cloak of poison resistance (worn)
Magical Staves
 R - a staff of fire (weapon)
Jewellery
 d - a +4 ring of protection
 j - the amulet "Orezof" (around neck) {Reflect rPois rC+ Str+3 Slay+2 SH+5}
   (You took it off a frost giant in an ice cave)

   [amulet of reflection]

   It reflects blocked missile attacks.
   Str:       It affects your strength (+3).
   Slay:      It affects your accuracy & damage with ranged weapons and melee
   (+2).
   rC:        It protects you from cold.
   rPois:     It protects you from poison.
   SH:        It affects your SH (+5).
 m - a ring of flight
 y - a ring of fire
 D - a ring of magical power
 F - the ring "Onkose" {Wiz rCorr Dex+3}
   (You acquired it on level 3 of the Shoals)

   [ring of wizardry]

   It improves your spell success rate.
   Dex:       It affects your dexterity (+3).
   rCorr:     It protects you from acid and corrosion.
 S - the ring "Itopnoos" (left hand) {Wiz rCorr Str+10 Stlth-}
   (You took it off a merfolk siren on level 4 of the Shoals)

   [ring of wizardry]

   It improves your spell success rate.
   Str:       It affects your strength (+10).
   rCorr:     It protects you from acid and corrosion.
   Stlth:     It makes you less stealthy.
 Z - a +6 ring of intelligence (right hand)
Wands
 f - a wand of acid (14)
 k - a wand of flame (72)
 p - a wand of mindburst (11)
 K - a wand of polymorph (5)
 U - a wand of paralysis (8)
 W - a wand of iceblast (34)
Scrolls
 g - 4 scrolls of fog
 o - 5 scrolls of magic mapping
 q - 7 scrolls of fear
 r - 4 scrolls of immolation
 s - 6 scrolls of silence
 t - a scroll of brand weapon
 u - 5 scrolls of enchant armour
 v - 15 scrolls of teleportation
 w - 5 scrolls of vulnerability
 z - 4 scrolls of blinking
 A - 5 scrolls of amnesia
 E - 5 scrolls of enchant weapon
 I - 4 scrolls of summoning
 V - 3 scrolls of torment
Potions
 c - 11 potions of curing
 i - a potion of magic
 l - 9 potions of ambrosia
 n - 8 potions of haste
 B - 5 potions of cancellation
 C - 3 potions of might
 G - 5 potions of mutation
 J - 9 potions of heal wounds
 L - 4 potions of resistance
 M - 9 potions of brilliance
 N - 8 potions of lignification
 O - 4 potions of invisibility
 Q - 3 potions of attraction
Miscellaneous
 T - a condenser vane


   Skills:
 + Level 2.0 Fighting
 + Level 1.1 Short Blades
 + Level 2.7 Armour
 + Level 6.5 Dodging
 + Level 7.0 Stealth
 * Level 7.9 Shields
 * Level 25.5 Spellcasting
 * Level 19.8 Conjurations
 + Level 6.1 Hexes
 * Level 13.5 Necromancy
 - Level 8.0 Translocations
 + Level 0.2 Transmutations
 * Level 10.6 Fire Magic
 + Level 5.6 Invocations
 - Level 6.0 Evocations


You had 9 spell levels left.
You knew the following spells:

 Your Spells              Type           Power      Damage    Failure   Level
a - Magic Dart            Conj           100%       1d8       0%          1
b - Searing Ray           Conj           100%       2d8       0%          2
c - Iskenderun's Mystic   Conj/Tloc      100%       2d19      1%          4
d - Fulminant Prism       Conj/Hex       49%        3d21      1%          4
e - Infestation           Necr           50%        N/A       17%         8
f - Anguish               Hex/Necr       44%        N/A       1%          4
g - Fireball              Conj/Fire      64%        3d24      1%          5
h - Iskenderun's Battles  Conj           100%       2d15      0%          5
i - Starburst             Conj/Fire      64%        6d17      1%          6
j - Irradiate             Conj/Tmut      45%        3d29      1%          5
k - Orb of Destruction    Conj           57%        9d14      1%          7
l - Borgnjor's Revivific  Necr           50%        N/A       17%         8

Your spell library contained the following spells:

 Spells                   Type           Power      Damage    Failure   Level
 Animate Skeleton         Necr           100%       N/A       0%          1
 Foxfire                  Conj/Fire      100%       2x1d9     0%          1
 Pain                     Necr           100%       1d9       0%          1
 Sublimation of Blood     Necr           100%       N/A       0%          2
 Conjure Flame            Conj/Fire      100%       6-21      0%          3
 Vampiric Draining        Necr           100%       2d13      0%          3
 Freeze                   Ice            100%       1d11      1%          1
 Shock                    Conj/Air       100%       1d9       1%          1
 Slow                     Hex            100%       N/A       1%          1
 Blink                    Tloc           100%       N/A       1%          2
 Call Imp                 Summ           48%        N/A       1%          2
 Corpse Rot               Necr/Air       100%       N/A       1%          2
 Ensorcelled Hibernation  Hex/Ice        100%       N/A       1%          2
 Static Discharge         Conj/Air       89%        N/A       1%          2
 Confusing Touch          Hex            76%        N/A       1%          3
 Dazzling Flash           Conj/Hex       100%       N/A       1%          3
 Gell's Gravitas          Tloc           83%        N/A       1%          3
 Ignite Poison            Fire/Tmut/Pois 85%        N/A       1%          3
 Lesser Beckoning         Tloc           83%        N/A       1%          3
 Portal Projectile        Hex/Tloc       100%       N/A       1%          3
 Spider Form              Tmut/Pois      49%        N/A       1%          3
 Summon Guardian Golem    Hex/Summ       64%        N/A       1%          3
 Teleport Other           Tloc           83%        N/A       1%          3
 Tukima's Dance           Hex            76%        N/A       1%          3
 Animate Dead             Necr           50%        N/A       1%          4
 Flame Wave               Conj/Fire      100%       2d17      1%          4
 Hailstorm                Conj/Ice       89%        3d18      1%          4
 Leda's Liquefaction      Hex/Erth       32%        N/A       1%          4
 Sticky Flame             Conj/Fire      100%       2d11      1%          4
 Agony                    Necr           100%       N/A       1%          5
 Excruciating Wounds      Necr           50%        N/A       1%          5
 Lightning Bolt           Conj/Air       44%        1d64      1%          5
 Manifold Assault         Tloc           83%        N/A       1%          5
 Conjure Ball Lightning   Conj/Air       44%        3x3d15    1%          6
 Death Channel            Necr           50%        N/A       1%          6
 Iron Shot                Conj/Erth      44%        9d9       1%          6
 Call Canine Familiar     Summ           48%        N/A       2%          3
 Frozen Ramparts          Ice            96%        1d11      2%          3
 Swiftness                Air            48%        N/A       2%          3
 Summon Forest            Summ/Tloc      34%        N/A       4%          5
 Dispersal                Tloc           41%        N/A       4%          6
 Ice Form                 Ice/Tmut       49%        N/A       6%          4
 Petrify                  Tmut/Erth      49%        N/A       6%          4
 Metabolic Englaciation   Hex/Ice        32%        N/A       6%          5
 Summon Mana Viper        Hex/Summ       64%        N/A       6%          5
 Simulacrum               Ice/Necr       39%        N/A       6%          6
 Airstrike                Air            24%        N/A       7%          4
 Olgreb's Toxic Radiance  Pois           48%        N/A       7%          4
 Summon Ice Beast         Ice/Summ       48%        N/A       7%          4
 Summon Lightning Spire   Summ/Air       48%        N/A       7%          4
 Spellforged Servitor     Conj/Summ      44%        N/A       11%         7
 Blade Hands              Tmut           25%        N/A       16%         5
 Lee's Rapid Deconstruct  Erth           24%        3d14*     19%         5
 Haunt                    Necr/Summ      39%        N/A       32%         7
 Enfeeble                 Hex            38%        N/A       43%         7
 Lehudib's Crystal Spear  Conj/Erth      44%        10d11     58%         8
 Statue Form              Tmut/Erth      32%        N/A       65%         6
 Summon Cactus Giant      Summ           24%        N/A       69%         6
 Malign Gateway           Summ/Tloc      34%        N/A       71%         7
 Fire Storm               Conj/Fire      64%        8d16      77%         9
 Disjunction              Tloc           41%        N/A       83%         8
 Necromutation            Tmut/Necr      39%        N/A       92%         8
 Death's Door             Necr           50%        N/A       92%         9
 Dragon Form              Tmut           25%        N/A       99%         7
 Monstrous Menagerie      Summ           24%        N/A       99%         7
 Chain Lightning          Conj/Air       44%        3d59      100%        9
 Polar Vortex             Ice            24%        N/A       100%        9


Dungeon Overview and Level Annotations

Branches:
Dungeon (15/15)            Temple (1/1) D:5            Lair (6/6) D:8
 Shoals (4/4) Lair:2       Spider (4/4) Lair:4        Slime (0/5) Lair:6
    Orc (2/2) D:12            Elf (2/3) Orc:2        Vaults (1/5) D:13
 Depths (0/4) D:15        Ossuary (visited)           IceCv (visited)

Altars:
Ashenzari
Cheibriados
Dithmenos
Elyvilon
Fedhas
Gozag
Hepliaklqana
Kikubaaqudgha
Makhleb
Nemelex Xobeh
Okawaru
Qazlal
Ru
Sif Muna
Trog
Uskayaw
Vehumet
Wu Jian
Xom
Yredelemnul
Zin
The Shining One
Beogh
Lugonu

Shops:
D:5 (   D:10 *   D:11 (*   Orc:2 !:**   Elf:1 :!*   Shoals:1 :*

Portals:
Trove: Elf:1 (show abyssal rune of Zot)

Annotations:
D:6 2 runed translucent doors, hitsuchi's ghost, novice DsFE
D:12 2 transporters
D:14 exclusion: orange crystal statue
Lair:4 2 runed translucent doors, exclusion: downstairs, duchin's ghost, journeyman HOFi
Elf:2 3 runed translucent doors


Message History

Items here: ( ) [ ÷÷.
There is an open door here.
Items here: ( )))))) [[ ÷÷÷÷÷.
There is an open door here.
You open the door.
There is an open door here.
You now have 2458 gold pieces (gained 29).
You open the door. 3 dire elephants come into view.
There are monsters nearby!
You close the door.
You open the door.
Found 2 potions of haste.
There is an open door here.
An ironbound thunderhulk comes into view.
It is wielding a +0 dire flail.
The ironbound thunderhulk shouts!
You see here 2 potions of haste.
Casting: Fireball (safe; 1% risk of failure)
Confirm with . or Enter, or press ? or * to list all spells.
Casting: Starburst (dangerous; 1% risk of failure)
Press: ? - help, Dir - look around, f - activate You feel a surge of power!
The bolt of fire hits the ironbound thunderhulk!!!
The ironbound thunderhulk is heavily wounded.
Electricity crackles from the ironbound thunderhulk's apparatus.
The bolt of lightning hits you!!!
Ouch! That really hurt!
Unknown command.
Unknown command.
Casting: Starburst (dangerous; 1% risk of failure)
Confirm with . or Enter, or press ? or * to list all spells.
Casting: Starburst (dangerous; 1% risk of failure)
Press: ? - help, Dir - look around, f - activate You feel a surge of power!
The bolt of fire hits the ironbound thunderhulk!!!
The ironbound thunderhulk is almost dead.
Electricity crackles from the ironbound thunderhulk's apparatus.
The bolt of lightning hits you!!!
Ouch! That really hurt!
You die...

#........# #........#
#........# #......O.#
#........# #........#
#........# #####
#......@.###########....
#........#.........#....
#........#.........#....
#........#.........'...'
#........#.........#####
#........'.........#....
#........#.........#....
#####+########+#########
... #...'


You could see an ironbound thunderhulk.

Vanquished Creatures
  A deep elf master archer (Elf:2)
  Polyphemus (Shoals:3)
  A kraken (Shoals:4)
  Kirke (D:15)
  Roxanne (Shoals:2)
  5 emperor scorpions
  Donald (Shoals:2)
  2 frost giants
  A deep elf sorcerer (Elf:1)
  3 ghost moths
  An ironbound preserver (Vaults:1)
  An ironbound thunderhulk (Vaults:1)
  A broodmother (Spider:3)
  Azrael (Orc:2)
  4 entropy weavers
  A deep elf annihilator (Elf:1)
  A bunyip (shapeshifter) (Elf:2)
  A merfolk javelineer (Shoals:4)
  4 merfolk impalers
  A fire dragon (D:14)
  A yaktaur captain (Vaults:1)
  An ice dragon (Lair:6)
  4 vault guards (D:13)
  5 hydras
  2 boulder beetles
  A catoblepas (Shoals:3)
  An alligator snapping turtle (Shoals:4)
  2 merfolk avatars
  10 two-headed ogres
  A radroach (Spider:2)
  10 dancing weapons
  2 ogre magi
  4 centaur warriors
  17 death yaks
  4 merfolk aquamancers
  A satyr (Shoals:4)
  6 tengu warriors
  10 deep elf knights
  3 skeletal warriors (D:14)
  5 deep trolls (Vaults:1)
  10 sea snakes
  5 pharaoh ants
  5 steelbarb worms
  4 sun moths
  2 lindwurms (Lair:6)
  7 deep elf archers
  5 orb spiders
  4 harpies (Shoals:1)
  3 wizards
  21 deep elf zephyrmancers
  An orc sorcerer (D:13)
  7 orc knights
  3 fauns
  13 deep elf pyromancers
  10 ugly things
  22 wolf spiders
  10 manticores
  13 elephants
  10 cyclopes
  A salamander (shapeshifter) (Elf:2)
  Maurice (D:10)
  A moth of wrath (shapeshifter) (Elf:2)
  16 merfolk sirens
  7 black mambas
  3 moths of wrath
  An ice statue (IceCv)
  9 water nymphs
  A vault sentinel (Vaults:1)
  2 gargoyles (D:13)
  9 torpor snails
  7 demonic crawlers
  6 yaktaurs
  2 kobold demonologists (D:9)
  11 cane toads
  5 rime drakes
  2 efreet
  9 komodo dragons
  3 tengu conjurers (D:15)
  3 tyrant leeches (Lair:6)
  15 merfolk
  21 polar bears
  13 trolls
  34 tarantellas
  5 wind drakes
  14 hornets
  4 slime creatures (D:12)
  9 snapping turtles
  20 blink frogs
  15 dream sheep
  Sigmund (D:5)
  28 jumping spiders
  20 culicivoras
  An air elemental (Elf:2)
  2 shadows (D:10)
  2 wraiths
  4 wyverns
  12 water elementals
  7 basilisks
  11 fire elementals
  A hog (D:15)
  44 yaks
  10 vampire mosquitoes
  77 redbacks
  8 wargs
  A naga (shapeshifter) (D:14)
  Edmund (D:4)
  3 acid dragons
  Duvessa (D:4)
  4 hell hounds
  17 water moccasins
  41 orc warriors
  An ice beast (D:7)
  3 black bears
  A hornet zombie (D:5)
  2 necrophages
  31 wolves
  2 boggarts (Elf:1)
  8 ogres
  9 centaurs
  Blork the orc (D:4)
  2 earth elementals
  12 bullfrogs
  11 kobold brigands
  4 gnoll sergeants (D:9)
  A wyvern zombie (D:9)
  5 scorpions
  2 water moccasin zombies
  Dowan (D:4)
  A water moccasin skeleton (D:5)
  4 killer bees (D:8)
  An electric eel (Lair:3)
  3 wights (D:8)
  10 howler monkeys
  A crimson imp (D:7)
  2 centaur zombies
  3 bullfrog zombies
  3 jellies
  3 hounds
  8 gnoll shamans (D:9)
  A bullfrog skeleton (D:7)
  15 orc priests
  Crazy Yiuf (D:3)
  3 iguanas
  A centaur skeleton (D:5)
  Ijyb (D:4)
  39 orc wizards
  4 hell rats (Lair:5)
  A mummy (Ossuary)
  2 hound skeletons
  2 howler monkey zombies (D:10)
  A howler monkey skeleton (D:6)
  5 adders
  A shadow imp (D:7)
  12 white imps (Lair:2)
  An ufetubus (D:7)
  3 adder skeletons
  4 worms
  2 dart slugs
  79 orcs
  10 bats
  8 endoplasms
  4 giant cockroaches
  6 goblins
  14 hobgoblins
  23 kobolds
  2 quokkas
  6 ball pythons
  5 frilled lizards
  5 gnoll skeletons (Ossuary)
  2 goblin skeletons (D:7)
  A goblin zombie (D:7)
  2 hobgoblin zombies (D:7)
  8 kobold skeletons
  14 orc skeletons
  An orc zombie (D:7)
  3 rats
  A tentacle (Shoals:4)
1251 creatures vanquished.

Vanquished Creatures (others)
  A merfolk impaler (Shoals:4)
  2 humans (D:15)
  An acid dragon (D:10)
  94 fulminant prisms
  37 fungi
  92 plants
  7 tentacles (Shoals:4)
234 creatures vanquished.

Grand Total: 1485 creatures vanquished

Notes
Turn   | Place    | Note
-------+----------+-------------------------------------------
     0 | D:1      | Doot the Deep Elf Conjurer began the quest for the Orb.
     0 | D:1      | Reached XP level 1. HP: 10/10 MP: 6/6
   109 | D:2      | Reached XP level 2. HP: 12/15 MP: 0/8
   127 | D:2      | Reached skill level 5 in Conjurations
   187 | D:2      | Learned a level 2 spell: Searing Ray
   459 | D:2      | Reached XP level 3. HP: 19/19 MP: 3/9
   546 | D:3      | Found a runed translucent door.
   547 | D:3      | Noticed Crazy Yiuf
   727 | D:3      | Killed Crazy Yiuf
  1027 | D:4      | Noticed Blork the orc
  1056 | D:4      | Noticed Duvessa
  1056 | D:4      | Noticed Dowan
  1245 | D:4      | Reached XP level 4. HP: 24/24 MP: 7/11
  1381 | D:4      | Killed Blork the orc
  1382 | D:4      | Reached skill level 4 in Spellcasting
  1388 | D:4      | Reached XP level 5. HP: 25/28 MP: 5/13
  1462 | D:5      | Entered Level 5 of the Dungeon
  1475 | D:5      | Learned a level 4 spell: Iskenderun's Mystic Blast
  1543 | D:5      | Identified the +1 robe "Louqouwa" {Str+4 Dex+9}
  1549 | D:5      | Noticed Sigmund
  1622 | D:3      | Reached skill level 5 in Spellcasting
  1832 | D:4      | Found a snail-covered altar of Cheibriados.
  1840 | D:4      | Found a white marble altar of Elyvilon.
  1850 | D:4      | Became a worshipper of Elyvilon the Healer
  1915 | D:4      | Noticed Ijyb
  1936 | D:4      | Killed Ijyb
  1939 | D:4      | Reached XP level 6. HP: 25/32 MP: 2/16
  2033 | D:4      | Learned a level 4 spell: Fulminant Prism
  2220 | D:5      | Killed Sigmund
  2221 | D:5      | Reached skill level 6 in Spellcasting
  2437 | D:5      | Found a staircase to the Ecumenical Temple.
  2446 | Temple   | Entered the Ecumenical Temple
  2699 | D:5      | Found a blossoming altar of Fedhas.
  2709 | D:5      | Reached XP level 7. HP: 36/36 MP: 7/19
  3251 | D:3      | Reached skill level 7 in Spellcasting
  3304 | D:3      | Reached * piety under Elyvilon
  3745 | D:2      | Found a faded altar of an unknown god.
  3764 | D:2      | Found a blossoming altar of Fedhas.
  4584 | D:1      | Reached ** piety under Elyvilon
  4955 | D:4      | Noticed Edmund
  5186 | D:4      | Killed Edmund
  5187 | D:4      | Reached skill level 1 in Invocations
  5489 | D:5      | Reached skill level 8 in Spellcasting
  5829 | D:5      | Reached XP level 8. HP: 42/42 MP: 7/22
  5936 | D:5      | Reached skill level 1 in Hexes
  6297 | D:5      | Found Hehoh's Weapon Shoppe.
  6458 | D:5      | Reached skill level 9 in Spellcasting
  6512 | D:6      | Noticed a troll
  6811 | D:6      | Reached skill level 10 in Spellcasting
  6967 | D:4      | Killed Duvessa
  6968 | D:4      | Killed Dowan
  7404 | D:4      | Reached *** piety under Elyvilon
  7614 | D:6      | Found a runed translucent door.
  7621 | D:6      | Noticed hitsuchi's ghost (novice DsFE)
  7647 | D:6      | Found a runed translucent door.
  7720 | D:6      | Reached skill level 5 in Stealth
  7720 | D:6      | Reached skill level 1 in Translocations
  7720 | D:6      | Reached XP level 9. HP: 46/46 MP: 8/25
  7841 | D:6      | Found a sparkling altar of Nemelex Xobeh.
  8074 | D:6      | Killed a troll
  8075 | D:6      | Reached skill level 11 in Spellcasting
  8215 | D:7      | Found a shimmering blue altar of Sif Muna.
  8223 | D:7      | Fell from the grace of Elyvilon
  8223 | D:7      | Became a worshipper of Sif Muna the Loreminder
  8362 | D:7      | Found a glowing golden altar of the Shining One.
  9184 | D:7      | Reached * piety under Sif Muna
  9188 | D:7      | Reached skill level 12 in Spellcasting
  9204 | D:7      | Learned a level 8 spell: Infestation
  9370 | D:8      | Reached skill level 1 in Necromancy
  9559 | D:8      | Reached XP level 10. HP: 44/51 MP: 19/28
  9561 | D:8      | Found a shadowy altar of Dithmenos.
  9634 | D:8      | Reached skill level 1 in Fighting
  9656 | D:8      | Found an ornate altar of the Wu Jian Council.
  9690 | D:8      | Found a staircase to the Lair.
  9825 | D:8      | Reached ** piety under Sif Muna
  9842 | D:8      | Found a sand-covered staircase.
  9851 | Ossuary  | Entered an ossuary
 10708 | D:8      | Reached skill level 5 in Dodging
 11101 | D:8      | Found a radiant altar of Vehumet.
 11396 | D:9      | Reached *** piety under Sif Muna
 11397 | D:9      | Reached skill level 13 in Spellcasting
 11437 | D:8      | Reached skill level 5 in Invocations
 11918 | D:9      | Noticed an orc knight
 11927 | D:9      | Killed an orc knight
 12223 | D:9      | Noticed a cyclops
 12252 | D:9      | Noticed a two-headed ogre
 12258 | D:9      | Killed a cyclops
 12260 | D:9      | Killed a two-headed ogre
 12261 | D:9      | Reached skill level 14 in Spellcasting
 12564 | D:9      | Reached skill level 10 in Conjurations
 12564 | D:9      | Reached XP level 11. HP: 56/56 MP: 7/31
 12654 | D:9      | Reached skill level 5 in Necromancy
 13068 | D:9      | Reached skill level 5 in Translocations
 13584 | D:9      | Reached skill level 15 in Spellcasting
 13717 | D:9      | Reached skill level 1 in Evocations
 13908 | D:9      | Reached **** piety under Sif Muna
 14350 | D:9      | Found a sacrificial altar of Ru.
 15040 | D:10     | Entered Level 10 of the Dungeon
 15050 | D:10     | Noticed a two-headed ogre
 15057 | D:10     | Killed a two-headed ogre
 15416 | D:10     | Noticed Maurice
 15482 | D:10     | Killed Maurice
 15577 | D:10     | Learned a level 4 spell: Anguish
 15967 | D:10     | Found Eqypuj's Overcharged Wands.
 16035 | D:10     | Found a broken altar of Ashenzari.
 16039 | D:10     | Saw a vision of the Shoals and the Spider Nest.
 16039 | D:10     | Noticed a sea snake
 16039 | D:10     | Noticed a sea snake
 16039 | D:10     | Noticed a sea snake
 16040 | D:10     | Noticed a wolf spider
 16080 | D:10     | Noticed a two-headed ogre
 16088 | D:10     | Killed a two-headed ogre
 16317 | D:11     | Found Joijoek's Weapon Shop.
 16320 | D:11     | Noticed a two-headed ogre
 16326 | D:11     | Killed a two-headed ogre
 16500 | D:11     | Found Ygetu's Assorted Antiques.
 16718 | D:11     | Reached skill level 16 in Spellcasting
 16845 | D:11     | Found a gateway to a bazaar.
 16865 | Bazaar   | Entered a bazaar
 16865 | Bazaar   | Found Fohiajo's Book Boutique.
 16865 | Bazaar   | Found Rusiu's Jewellery Boutique.
 16893 | Bazaar   | Found Duton's Assorted Antiques.
 16955 | Bazaar   | Found Tinizyp's Weapon Boutique.
 17031 | Bazaar   | Bought an embroidered cloak for 187 gold pieces
 17031 | Bazaar   | Bought a scroll labelled CUNWEOT ORELU for 25 gold pieces
 17031 | Bazaar   | Bought a scroll labelled POLYLI WEAMO for 25 gold pieces
 17031 | Bazaar   | Bought a scroll labelled FYRGHY BIPOTUYKIH for 25 gold
                  | pieces
 17031 | Bazaar   | Bought a scroll labelled RUVOEDI ALERCHI for 25 gold pieces
 17104 | D:11     | Reached XP level 12. HP: 61/61 MP: 29/34
 17112 | D:11     | Reached ***** piety under Sif Muna
 17245 | D:11     | You fall into a shaft and drop 3 floors!
 17342 | D:12     | Found a corrupted altar of Lugonu.
 17416 | D:11     | Noticed a two-headed ogre
 17424 | D:11     | Killed a two-headed ogre
 17996 | D:12     | Received a gift from Sif Muna
 17997 | D:12     | Got Sif Muna's Volume of Hurtful Flight {god gift}
 18106 | D:12     | Noticed a two-headed ogre
 18119 | D:12     | Killed a two-headed ogre
 18222 | D:12     | Noticed a two-headed ogre
 18230 | D:12     | Killed a two-headed ogre
 18474 | D:12     | Found a staircase to the Orcish Mines.
 18845 | D:12     | Found a transporter.
 18846 | D:12     | Found a transporter.
 19184 | Orc:1    | Entered Level 1 of the Orcish Mines
 19569 | Orc:2    | Entered Level 2 of the Orcish Mines
 19569 | Orc:2    | Found a staircase to the Elven Halls.
 19579 | Orc:2    | Received a gift from Sif Muna
 19581 | Orc:2    | Reached skill level 1 in Short Blades
 19581 | Orc:2    | Reached skill level 17 in Spellcasting
 19585 | Orc:2    | Got Sif Muna's Compendium of Displacement and Companions
                  | {god gift}
 19728 | Lair:1   | Entered Level 1 of the Lair of Beasts
 19806 | Lair:1   | Reached skill level 5 in Hexes
 19907 | Lair:1   | Noticed an eight-headed hydra
 20363 | Lair:1   | Noticed a four-headed hydra
 20481 | Lair:1   | Killed a four-headed hydra
 21065 | Lair:2   | Noticed a six-headed hydra
 21071 | Lair:2   | Killed a six-headed hydra
 21138 | Lair:2   | Reached XP level 13. HP: 61/65 MP: 21/36
 21163 | Lair:2   | Found a frozen archway.
 21230 | IceCv    | Entered an ice cave
 21966 | IceCv    | Reached skill level 18 in Spellcasting
 22573 | IceCv    | Received a gift from Sif Muna
 22574 | IceCv    | Got Sif Muna's Reference Book on Conjuration {god gift}
 22581 | IceCv    | Learned a level 5 spell: Fireball
 22587 | IceCv    | Learned a level 5 spell: Iskenderun's Battlesphere
 22675 | IceCv    | Identified the amulet "Orezof" {Reflect rPois rC+ Str+3
                  | Slay+2 SH+5}
 22675 | IceCv    | Noticed a frost giant
 22685 | IceCv    | Killed a frost giant
 23001 | IceCv    | Got the Papyrus of Cold
 23003 | IceCv    | Got the Almanac of Feathers and Poisoning
 23172 | IceCv    | Reached skill level 1 in Shields
 24158 | Lair:2   | Found a staircase to the Shoals.
 24761 | Lair:3   | Reached skill level 1 in Fire Magic
 25452 | Lair:3   | Reached skill level 19 in Spellcasting
 26292 | Lair:4   | Reached XP level 14. HP: 70/70 MP: 6/39
 26485 | Lair:4   | Found a large runed translucent door.
 26486 | Lair:4   | Found a large runed translucent door.
 26488 | Lair:4   | Noticed duchin's ghost (journeyman HOFi)
 26728 | Lair:4   | Found a hole to the Spider Nest.
 28766 | Lair:5   | Reached skill level 15 in Conjurations
 29209 | Lair:6   | Entered Level 6 of the Lair of Beasts
 29399 | Lair:6   | Found a staircase to the Slime Pits.
 29434 | Lair:6   | Found a runed translucent door.
 29620 | Lair:6   | Reached skill level 20 in Spellcasting
 30732 | Lair:6   | Reached skill level 10 in Necromancy
 31036 | Lair:6   | Reached skill level 5 in Fire Magic
 31036 | Lair:6   | Reached XP level 15. HP: 66/75 MP: 0/41
 31952 | Lair:6   | Reached skill level 21 in Spellcasting
 32405 | Lair:6   | Received a gift from Sif Muna
 32406 | Lair:6   | Got Sif Muna's Volume of Entrancing Attacks {god gift}
 32596 | Spider:1 | Entered Level 1 of the Spider Nest
 33919 | Orc:2    | Noticed Azrael
 34041 | Orc:2    | Killed Azrael
 34889 | Orc:2    | Found Xipluc's Assorted Antiques.
 34889 | Orc:2    | Found Zoviz's Book Shop.
 34891 | Orc:2    | Found Xecratis's Distillery.
 34893 | Orc:2    | Found Zoxken's Assorted Antiques.
 35760 | Elf:1    | Entered Level 1 of the Elven Halls
 35991 | Spider:1 | Received a gift from Sif Muna
 35992 | Spider:1 | Got Colliw's Tome of Evil Orientation {god gift}
 37257 | D:13     | Reached skill level 5 in Shields
 37743 | D:13     | Found a gate to the Vaults.
 38596 | D:14     | Reached skill level 22 in Spellcasting
 38860 | D:15     | Entered Level 15 of the Dungeon
 39248 | D:15     | Noticed Kirke
 39253 | D:15     | Killed Kirke
 39254 | D:15     | Reached XP level 16. HP: 80/80 MP: 24/44
 40210 | D:15     | Found a staircase to the Depths.
 40931 | Orc:2    | Bought a bloodstained chain mail for 294 gold pieces
 40931 | Orc:2    | Identified the +2 chain mail of Infinity {rC+ Will+} (You
                  | bought it in a shop on level 2 of the Orcish Mines)
 41405 | Elf:1    | Found Ysor Wio's Distillery.
 41816 | Elf:1    | Found Qenott's Book Emporium.
 41903 | Elf:1    | Found a portal to a secret trove of treasure.
 42216 | Elf:1    | Received a gift from Sif Muna
 42217 | Elf:1    | Got Sif Muna's Grimoire of Attacks {god gift}
 42233 | Orc:2    | Learned a level 6 spell: Starburst
 42239 | Orc:2    | Learned a level 5 spell: Irradiate
 42247 | Orc:2    | Learned a level 7 spell: Orb of Destruction
 42583 | Elf:1    | Found Qegrom's Assorted Antiques.
 42591 | Elf:1    | Bought a scroll of teleportation for 81 gold pieces
 42977 | Shoals:1 | Entered Level 1 of the Shoals
 43228 | Shoals:1 | Reached skill level 23 in Spellcasting
 43381 | Shoals:1 | Found Rujafayg's Book Boutique.
 43439 | Shoals:1 | Found Weblyag's Assorted Antiques.
 43495 | Shoals:1 | Reached skill level 5 in Evocations
 45047 | Shoals:2 | Noticed Donald
 45051 | Shoals:2 | Noticed Roxanne
 45477 | Shoals:2 | Identified the +7 ring mail "Megurewif" {rC- Str+2 SInv}
 45660 | Shoals:2 | Killed Donald
 45697 | Shoals:2 | Killed Roxanne
 46645 | Shoals:3 | Noticed Polyphemus
 46652 | Shoals:3 | Killed Polyphemus
 46653 | Shoals:3 | Reached XP level 17. HP: 81/84 MP: 2/46
 47276 | Shoals:3 | Identified a scroll of acquirement
 47277 | Shoals:3 | Acquired the ring "Onkose" {Wiz rCorr Dex+3}
 47793 | Shoals:4 | Entered Level 4 of the Shoals
 48308 | Shoals:4 | Identified the ring "Itopnoos" {Wiz rCorr Str+10 Stlth-}
 48421 | Shoals:4 | Noticed a kraken
 48445 | Shoals:4 | Killed a kraken
 48454 | Shoals:4 | Got a barnacled rune of Zot
 48905 | Shoals:4 | Reached skill level 1 in Armour
 48965 | Shoals:4 | Identified the +4 plate armour of Gestures {rC++}
 49130 | Shoals:4 | Identified the ring of Pokusu {rN+++ rCorr Int-5 Dex-2
                  | SInv}
 49599 | Shoals:4 | Acquired the +10 rapier of Lisidad {vorpal, rElec rCorr}
 50605 | Spider:1 | Reached skill level 24 in Spellcasting
 50814 | Spider:1 | Received a gift from Sif Muna
 50815 | Spider:1 | Got Sif Muna's Handbook of Mutagenic Stones {god gift}
 54191 | Spider:3 | Received a gift from Sif Muna
 54192 | Spider:3 | Got Sif Muna's Reference Book on the Supportive Voyage {god
                  | gift}
 54606 | Spider:3 | Identified the +1 pair of gloves "Damnable Contraption"
                  | {+Inv rElec Will- rCorr Dex+5}
 54841 | Spider:3 | Reached XP level 18. HP: 89/89 MP: 32/48
 55161 | Spider:4 | Entered Level 4 of the Spider Nest
 56063 | Spider:4 | Received a gift from Sif Muna
 56064 | Spider:4 | Got Gullorem's Papyrus of Earthen Stolen Souls {god gift}
 57975 | Spider:4 | Reached skill level 25 in Spellcasting
 58353 | Spider:4 | Got a gossamer rune of Zot
 58739 | Elf:2    | Reached skill level 10 in Fire Magic
 59076 | Elf:2    | Found a runed translucent gate.
 59076 | Elf:2    | Found a runed translucent gate.
 59077 | Elf:2    | Found a runed translucent gate.
 59149 | Elf:2    | Paralysed by an air elemental for 1 turns
 59346 | Elf:2    | Received a gift from Sif Muna
 59348 | Elf:2    | Got Sif Muna's Grimoire of Hurtful Evil Magic {god gift}
 59758 | Elf:2    | Identified the +0 pair of gloves of Untold Secrets {rF+
                  | Will+ Stlth+}
 60203 | Vaults:1 | Entered Level 1 of the Vaults
 60267 | Vaults:1 | Learned a level 8 spell: Borgnjor's Revivification
 60793 | Vaults:1 | Killed from afar by an ironbound thunderhulk

Illustrated notes

Levels and vault maps discovered:
D:1:      tarquinn_simple_flora_water_d, layout_rooms
D:2:      layout_basic, ebering_ecumenical_altar_webs, basic_altar,
          lexackson_kobold_supper
D:3:      layout_loops_corners, uniq_crazy_yiuf_cottage
D:4:      layout_rooms, mainiacjoe_overflow_big_doors, uniq_duvessa,
          uniq_edmund, uniq_blork_the_orc, uniq_ijyb
D:5:      layout_cave_pods, mainiacjoe_overflow_concentric_impassable,
          minmay_temple_entry_mini_moons, serial_shops,
          nicolae_shop_bloodbath_and_beyond, uniq_sigmund
D:6:      layout_rooms, lemuel_crystal_altar, ebering_ghost_sewer_f
D:7:      layout_basic, nicolae_tso_besieged_by_evil, tgw_sif
D:8:      layout_basic, overflow_temple_1_default, kennysheep_little_box,
          mainiacjoe_overflow_boulevard, lair_entry_dummy,
          nicolae_ossuary_entry_ruins
D:9:      lemuel_castle_with_subvaults [lemuel_castle_interior_carwin_1],
          layout_stronghold, nicolae_ru_great_annihilating_truth
D:10:     layout_roguey, grunt_ashenzari_visionary
          [grunt_ashenzari_visionary_shoals, grunt_ashenzari_visionary_spider],
          nicolae_shop_overcharged_wands, uniq_maurice
D:11:     layout_loops_corners, serial_shops, bzr_entry_water,
          nicolae_stop_n_shop_1, shop
D:12:     gammafunk_corrupted_shrine, layout_basic, david_orc_2
D:13:     layout_irregular_city, grunt_vaults_entry_fortified,
          serial_co_window_serial, co_window_corner_a, co_window_paths_a,
          co_window_paths_a, co_window_paths_a, co_window_paths_a,
          co_window_broadway_c, co_window_unsneaky_path_e, co_window_broadway_a,
          co_window_paths_d, glass_columns_c, glass_columns_c, glass_columns_a,
          glass_columns_c, glass_columns_a
D:14:     layout_rooms, grunt_decor_one_mirror, minivault_16
D:15:     grunt_enter_depths_snipers, layout_basic, hangedman_decor_points,
          uniq_kirke
Temple:   minmay_temple_curvy_loop
Lair:1:   layout_roguey, minmay_holes
Lair:2:   layout_long_grid, elwin_shoals_entry_rooms, portal_ice_cave_entry_imps
Lair:3:   layout_gridlike, cheibrodos_lair_lostbears
Lair:4:   layout_roguey, nicolae_spider_entry_tight_spaces,
          ebering_ghost_disaster_area, lemuel_fruit_fields
Lair:5:   layout_small_grid, st_stairs_11
Lair:6:   hangedman_lair_in_review, layout_gridlike, wormcave, slime_dummy
Shoals:1: layout_shoals, serial_shops, nicolae_shop_stone, shop
Shoals:2: layout_shoals, uniq_donald, uniq_roxanne
Shoals:3: layout_shoals, uniq_polyphemus
Shoals:4: shoals_end_hangedman, layout_shoals
Spider:1: layout_spider_delve
Spider:2: layout_chambers
Spider:3: layout_spider_delve, nicolae_spider_baby_got_redback,
          hangedman_spider_tarantella_strand
Spider:4: spider_rune_water, nicolae_spider_twisty_arc_passages
Orc:1:    layout_caves, basic_altar, nicolae_orc_rockfall
Orc:2:    st_orc_rangers, layout_diamond_mine, gauntlet_entry_generic,
          mines1_david, uniq_azrael
Elf:1:    minmay_elf_arrival_plus, layout_loops_cross,
          nicolae_trove_entry_diagonal, serial_shops, shop_coins, shop,
          nicolae_shop_temple_entry_statues_fountains, hangedman_elf_disciples
Elf:2:    nicolae_elf_blades_splatter_lattice [mumra_blade_entry_dagger],
          layout_geoelf_octagon, nicolae_elf_archery_training, uniq_aizul,
          uniq_nikola
Vaults:1: biasface_ghost_orc_armoury, vaults_room_door_hall,
          nicolae_vaults_diagonal_hallway_8, v_rooms_5, v_misc_17,
          grunt_vaults_twisty, v_misc_28, vaults_room_door_hall,
          hangedman_vaults_capsules, layout_vaults_omnibox

Skill      XL: |  1  2  3  4  5  6  7  8  9 10 11 12 13 14 15 16 17 18 |
---------------+-------------------------------------------------------+-----
Conjurations   | 5 6 7 8 9 10 11 12 14 15 16 17 19 | 19.8
Stealth        | 3 4 5 6 7 |  7.0
Spellcasting   | 4 5 6 8 10 12 14 16 17 19 20 22 23 24 25 | 25.5
Dodging        | 3 4 5 6 |  6.5
Invocations    | 1 3 4 5 |  5.6
Hexes          | 1 2 3 6 |  6.1
Translocations | 1 2 4 5 6 7 8 |  8.0
Necromancy     | 2 4 6 8 9 10 11 12 13 | 13.5
Fighting       | 1 2 |  2.0
Evocations     | 3 5 6 |  6.0
Short Blades   | 1 |  1.1
Shields        | 2 4 5 6 7 |  7.9
Fire Magic     | 2 5 6 7 9 10 | 10.6
Armour         | 2 |  2.7
Transmutations | |  0.2

Action                   |  1- 3 |  4- 6 |  7- 9 | 10-12 | 13-15 | 16-18 || total
-------------------------+-------+-------+-------+-------+-------+-------++-------
Melee: Unarmed           |     2 |       |       |       |       |       ||     2
       Punch             |     1 |       |       |     1 |       |       ||     2
       Quarterstaff      |       |     1 |       |       |       |       ||     1
       Dagger            |       |     2 |    21 |    34 |    20 |       ||    77
       Staff             |       |       |       |       |       |     6 ||     6
 Cast: Magic Dart        |    23 |     6 |    40 |    11 |    20 |    10 ||   110
       Searing Ray       |    10 |    19 |    51 |    41 |     7 |       ||   128
       Iskenderun's Myst |       |     1 |    54 |   165 |   172 |    95 ||   487
       Fulminant Prism   |       |       |    24 |    61 |     8 |     1 ||    94
       Anguish           |       |       |       |     2 |     1 |       ||     3
       Fireball          |       |       |       |       |   302 |   302 ||   604
       Iskenderun's Batt |       |       |       |       |    39 |    13 ||    52
       Orb of Destructio |       |       |       |       |       |   102 ||   102
       Starburst         |       |       |       |       |       |    64 ||    64
       Irradiate         |       |       |       |       |       |     4 ||     4
Invok: Channel Magic     |       |       |       |     1 |     8 |     5 ||    14
Evoke: Wand              |       |       |       |       |     2 |       ||     2
  Use: Scroll            |       |       |       |    14 |    11 |    10 ||    35
 Stab: Sleeping          |       |       |     8 |     6 |       |       ||    14
       Distracted        |       |       |       |       |       |     1 ||     1
Armor: Robe              |     3 |    10 |    45 |    60 |    45 |     7 ||   170
       Ring mail         |       |       |       |       |       |    52 ||    52
Dodge: Dodged            |     9 |    22 |    98 |   119 |    73 |    44 ||   365
Block: Buckler           |       |       |       |       |    33 |       ||    33
       Reflection        |       |       |       |       |    27 |    17 ||    44
       Kite shield       |       |       |       |       |    35 |   117 ||   152
